Map: Alcyone LE

Players

PattyMac

  • Race: Protoss Protoss
  • Spawn Location: 1:00

soO - Winner!

  • Race: Zerg Zerg
  • Spawn Location: 7:00

Event: ESL Spring 2024 Finals

VOD

Have the link to the VOD?

Description

Time

  • Played on: May 31, 2024, 7:31 p.m.
  • Length: 11:17
Show
View Real Time Build Order
Export as new Build Order

PattyMac Protoss 

Build Orders: 1 Gate Expand 

Get SALT Encoding   

  12  0:00  Probe  
  13  0:12  Probe  
  14  0:20  Pylon  
  14  0:24  Probe  
  15  0:38  Probe (Chrono Boost)  
  15  0:40  Gateway  
  16  0:47  Probe (Chrono Boost)  
  17  0:50  Assimilator  
  17  0:52  Probe (Chrono Boost)  
  18  1:04  Probe  
  19  1:16  Probe  
  20  1:26  Nexus  
  20  1:36  Cybernetics Core  
  20  1:39  Probe  
  21  1:44  Assimilator  
  21  1:51  Probe  
  21  1:53  Pylon  
  22  2:03  Probe (Chrono Boost)  
  23  2:10  Warp Gate (Chrono Boost)  
  23  2:12  Adept  
  26  2:15  Probe (Chrono Boost)  
  26  2:22  Gateway  
  26  2:23  Probe (Chrono Boost)  
  27  2:34  Probe (Chrono Boost)  
  28  2:40  Probe (Chrono Boost)  
  28  2:42  Stalker  
  32  2:44  Probe (Chrono Boost)  
  32  2:48  Probe (Chrono Boost)  
  32  2:50  Probe (Chrono Boost)  
  34  2:57  Gateway  
  34  2:58  Probe  
  35  3:00  Probe  
  36  3:07  Pylon  
  36  3:10  Adept, Probe  
  28  3:12  Adept  
  39  3:15  Probe  
  42  3:22  Robotics Facility, Probe  
  43  3:28  Probe  
  43  3:32  Pylon  
  44  3:34  Probe  
  44  3:40  Probe  
  46  3:46  Probe  
  47  3:52  Adept x3, Probe  
  54  4:00  Nexus  
  54  4:04  Probe, Pylon  
  54  4:08  Assimilator  
  55  4:10  Assimilator  
  55  4:11  Observer (Chrono Boost)  
  55  4:12  Probe  
  57  4:21  Pylon  
  57  4:25  Probe, Immortal (Chrono Boost)  
  60  4:33  Sentry  
  60  4:36  Probe  
  60  4:38  Probe  
  64  4:39  Zealot  
  60  4:47  Gateway x2  
  58  4:57  Stalker, Sentry  
  62  5:00  Warp Prism (Chrono Boost)  
  62  5:07  Sentry  
  62  5:10  Gateway  
  62  5:11  Gateway  
  62  5:13  Gateway  
  64  5:17  Probe  
  65  5:23  Sentry x2  
  69  5:30  Shield Battery  
  69  5:32  Stalker  
  71  5:37  Pylon  
  71  5:43  Adept  
  71  5:49  Stalker  
  75  5:50  Stalker x3  
  81  6:12  Stalker x5  
  81  6:13  Stalker  
  93  6:28  Stalker x2  
  89  6:44  Stalker  
  89  6:45  Stalker x5  
  89  7:01  Zealot x2  
  85  7:11  Zealot x3, Stalker x3  
  81  7:16  Immortal (Chrono Boost)  
  67  7:26  Stalker, Probe x3  
  64  7:34  Stalker x2  
  64  7:39  Probe (Chrono Boost)  
  64  7:42  Probe (Chrono Boost)  
  64  7:43  Probe (Chrono Boost)  
  67  7:46  Immortal (Chrono Boost)  
  71  7:53  Stalker  
  71  7:57  Probe (Chrono Boost)  
  71  7:58  Twilight Council  
  75  7:59  Probe (Chrono Boost)  
  75  8:01  Probe (Chrono Boost)  
  75  8:04  Probe (Chrono Boost)  
  77  8:06  Probe  
  77  8:09  Adept x2  
  77  8:10  Probe  
  82  8:13  Sentry x2  
  82  8:14  Sentry  
  82  8:15  Probe  
  82  8:19  Assimilator  
  89  8:22  Assimilator  
  89  8:26  Pylon  
  89  8:27  Robotics Bay  
  89  8:30  Forge  
  89  8:31  Blink (Chrono Boost), Probe x2  
  91  8:40  Probe  
  92  8:46  Pylon  
  92  8:52  Stalker x4  
  100  9:01  Nexus  
  100  9:03  Protoss Ground Weapons Level 1  
  100  9:07  Pylon  
  100  9:23  Dark Shrine  
  100  9:28  Colossus (Chrono Boost)  
  104  9:34  Stalker x4  
  104  9:35  Stalker  
  104  9:37  Phoenix  
  110  9:48  Probe x2  
  110  9:49  Probe  
  110  9:50  Photon Cannon  
  113  9:54  Zealot x3  
  113  9:58  Photon Cannon  
  119  10:00  Photon Cannon  
  119  10:02  Shield Battery  
  119  10:04  Colossus (Chrono Boost)  
  121  10:21  Shield Battery  
  121  10:23  Photon Cannon  
  121  10:25  Photon Cannon  
  121  10:26  Photon Cannon  
  121  10:29  Probe x2  
  121  10:30  Probe  
  121  10:33  Sentry x3  
  121  10:34  Sentry x3  
  136  10:38  Probe  
  136  10:39  Pylon  
  136  10:42  Photon Cannon  
  133  10:55  Stalker x2  
  133  10:56  Stalker  
Show
View Real Time Build Order
Export as new Build Order

soO Zerg - Winner!

Build Orders: Hatch First 

Get SALT Encoding   

  12  0:00  Drone  
  13  0:11  Overlord  
  13  0:16  Drone  
  14  0:30  Drone x2  
  16  0:39  Drone  
  17  0:52  Hatchery  
  17  0:53  Drone  
  17  0:56  Drone  
  18  1:07  Extractor  
  18  1:11  Spawning Pool  
  16  1:14  Drone  
  16  1:17  Drone  
  18  1:27  Drone  
  19  1:37  Drone  
  20  1:48  Overlord  
  20  1:59  Queen  
  22  2:03  Queen  
  22  2:04  Zergling x4  
  26  2:10  Drone  
  26  2:11  Metabolic Boost  
  26  2:15  Drone  
  28  2:21  Drone  
  29  2:26  Drone  
  30  2:34  Drone  
  30  2:37  Hatchery  
  30  2:40  Drone  
  30  2:44  Queen  
  31  2:50  Overlord  
  33  2:52  Drone  
  33  2:54  Zergling x2  
  35  2:58  Drone  
  36  3:06  Overlord  
  36  3:08  Drone, Queen  
  36  3:11  Drone x2  
  41  3:14  Drone  
  42  3:20  Overlord  
  42  3:23  Queen  
  42  3:26  Drone  
  45  3:27  Drone  
  47  3:34  Drone x2  
  47  3:40  Drone  
  49  3:42  Drone  
  49  3:46  Drone  
  49  3:48  Queen  
  53  3:54  Overlord  
  53  3:55  Zergling x12  
  59  4:04  Overlord  
  59  4:08  Zergling x6  
  62  4:13  Roach Warren  
  61  4:19  Drone x2  
  61  4:21  Drone  
  61  4:22  Drone x2  
  65  4:25  Drone  
  65  4:26  Lair  
  65  4:27  Drone  
  65  4:31  Extractor  
  66  4:33  Drone x4  
  66  4:34  Drone x2  
  72  4:41  Drone  
  72  4:44  Drone x4  
  76  4:48  Drone, Extractor  
  76  4:52  Overlord  
  75  4:54  Overlord  
  75  4:59  Overlord  
  75  5:00  Overlord  
  75  5:03  Overlord  
  75  5:07  Overlord  
  75  5:08  Extractor  
  75  5:10  Extractor  
  75  5:11  Drone x6  
  79  5:18  Evolution Chamber  
  79  5:19  Drone x3  
  79  5:20  Drone  
  82  5:23  Drone x2  
  82  5:27  Drone x2  
  82  5:28  Drone  
  87  5:30  Overseer  
  87  5:34  Drone x2  
  87  5:35  Extractor  
  87  5:36  Roach x3  
  87  5:37  Glial Reconstitution  
  87  5:41  Roach x2  
  97  5:48  Roach x4  
  105  5:56  Ravager x3  
  108  5:58  Zergling x14  
  108  6:02  Hatchery  
  114  6:09  Overlord x2  
  114  6:11  Overlord  
  114  6:15  Overlord  
  114  6:17  Overlord  
  114  6:21  Overlord  
  114  6:23  Overlord  
  114  6:27  Overlord  
  114  6:30  Roach  
  114  6:32  Roach x3  
  117  6:37  Roach x2  
  117  6:38  Roach  
  117  6:39  Roach x3  
  123  6:40  Roach  
  123  6:44  Roach  
  123  6:51  Roach x2  
  121  6:55  Roach x5  
  121  7:00  Roach  
  121  7:01  Roach  
  127  7:02  Roach  
  127  7:05  Roach x2  
  116  7:09  Roach x2  
  116  7:15  Roach  
  105  7:16  Roach  
  105  7:20  Zergling x2  
  105  7:22  Drone  
  99  7:23  Drone  
  99  7:25  Drone x2  
  99  7:28  Zerg Missile Weapons Level 1  
  100  7:30  Drone x2  
  100  7:33  Drone  
  103  7:38  Drone x2  
  103  7:41  Overseer  
  103  7:43  Hatchery  
  104  7:45  Drone  
  104  7:46  Ravager  
  104  7:47  Drone, Ravager  
  104  7:49  Drone  
  109  7:55  Drone x3  
  112  7:59  Hatchery  
  112  8:01  Drone x3  
  114  8:07  Drone  
  114  8:09  Drone x2, Extractor  
  114  8:10  Drone x2  
  118  8:15  Baneling Nest  
  117  8:23  Roach x7  
  131  8:31  Drone x3  
  134  8:40  Drone x2  
  134  8:41  Drone  
  137  8:47  Zergling x6  
  140  8:50  Zergling x12  
  146  8:56  Zergling x4  
  146  9:01  Infestation Pit  
  146  9:02  Drone x2  
  149  9:06  Drone x3  
  152  9:13  Centrifugal Hooks, Queen  
  152  9:14  Overlord  
  152  9:15  Zergling x8  
  158  9:20  Zergling x14  
  165  9:26  Zergling x2  
  165  9:27  Zergling x6  
  168  9:31  Evolution Chamber  
  168  9:33  Zergling x12  
  168  9:34  Zergling x2  
  173  9:39  Hive  
  173  9:45  Zergling x10  
  178  9:47  Drone x2, Overlord  
  178  9:48  Drone  
  178  9:51  Ravager  
  178  9:52  Overlord  
  182  9:54  Drone x5  
  182  9:57  Baneling x26  
  187  10:04  Zergling x4  
  189  10:07  Pneumatized Carapace  
  189  10:20  Zergling x18  
  189  10:21  Zergling x12  
  197  10:28  Baneling x9, Spire  
  195  10:35  Zergling x8  
  199  10:40  Extractor  
  188  10:55  Zergling x44  
  188  10:56  Zergling x2  
Tags
 
Add a new tag
Caveats
  • Supply blocks, unpowered buildings, or Contaminate may cause inaccurate times.
  • Supply counts are checked every 10 seconds.